 Dungeon Crawl Stone Soup version 0.31-a0-174-g85c54bcb58 (webtiles) character file.

Game seed: 14304915788539043149

1172 qw the Skirmisher (level 8, 0/74 HPs)
             Began as a Naga Hunter on June 15, 2023.
             Was an Initiate of Okawaru.
             Slain by a gnoll sergeant
             ... wielding a +0 spear
              (11 damage)
             ... on level 6 of the Dungeon.
             The game lasted 00:01:48 (4688 turns).

qw the Skirmisher (Naga Hunter)                     Turns: 4688, Time: 00:01:48

Health: 0/74       AC: 10    Str: 13    XL:     8   Next: 41%
Magic:  8/8        EV:  8    Int: 11    God:    Okawaru [......]
Gold:   213        SH:  0    Dex: 16    Spells: 7/7 levels left

rFire   . . .        Y - +0 shortbow
rCold   . . .        (shield currently unavailable)
rNeg    . . .        c - +0 leather armour
rPois   +            m - +0 helmet
rElec   .            (no cloak)
rCorr   +            n - +0 pair of gloves
SInv    +            a - +0 barding "Josmesh" {rCorr}
Will    +....        (no amulet)
Stlth   ++           (no ring)
HPRegen 0.32/turn    (no ring)
MPRegen 0.11/turn

%: no passive effects
@: very slow
A: AC +2, large, see invisible, deformed body, poison resistance, slowness 2,
spit poison 1, naga tail 1
a: Spit Poison, Renounce Religion


You were on level 6 of the Dungeon.
You worshipped Okawaru.
Okawaru was noncommittal.
You visited 2 branches of the dungeon, and saw 7 of its levels.

You collected 374 gold pieces.
You spent 161 gold pieces at shops.


Innate Abilities, Weirdness & Mutations

Your serpentine skin is tough. (AC +2)
You have supernaturally acute eyesight. (SInv)
Armour fits poorly on your strangely shaped body.
Your system is resistant to poisons. (rPois)
You cover ground very slowly.
You can spit poison.
You have a snake-like lower body.


   Skills:
 - Level 5.1 Fighting
 - Level 8.2 Ranged Weapons
 + Level 1.3 Armour
 - Level 2.1 Dodging
 - Level 1.5 Stealth


You had 7 spell levels left.
You didn't know any spells.
Your spell library was empty.

Inventory:

Hand Weapons
 Y - a +0 shortbow (weapon)
Armour
 a - the +0 barding "Josmesh" (worn) {rCorr}
   (You acquired it on level 1 of the Dungeon)

   rCorr:     It protects you from acid and corrosion.
 c - a +0 leather armour (worn)
 f - a +1 ring mail of fire resistance
 m - a +0 helmet (worn)
 n - a +0 pair of gloves (worn)
Scrolls
 e - a scroll of identify
Potions
 b - 3 potions of curing
 d - 2 potions of haste
 g - 2 potions of brilliance {unknown}
 h - a potion of berserk rage {unknown}
 i - a potion of invisibility {unknown}
 j - 2 potions of might
 l - a potion of degeneration {unknown}

Dungeon Overview and Level Annotations

Branches:
Dungeon (6/15)             Temple (1/1) D:5

Altars:
Ashenzari
Cheibriados
Dithmenos
Elyvilon
Fedhas
Gozag
Hepliaklqana
Kikubaaqudgha
Makhleb
Nemelex Xobeh
Okawaru
Ru
Sif Muna
Uskayaw
Vehumet
Wu Jian
Yredelemnul

Shops:
D:6 [


Message History

The ufetubus is almost dead.
The ufetubus closely misses you. The ufetubus barely misses you.
The gnoll sergeant hits you from afar with a +0 spear.
The gnoll barely misses you. The gnoll closely misses you.
The ufetubus hits you but does no damage.
The ufetubus hits you.
You shoot an arrow. The arrow misses the ufetubus.
The arrow hits the gnoll sergeant!
The gnoll sergeant is severely wounded.
You have got your breath back.
The gnoll sergeant hits you from afar with a +0 spear.
The gnoll hits you but does no damage.
The gnoll hits you from afar with a +0 spear.
The ufetubus hits you but does no damage. x2
4684 ||| INVOKING Spit Poison.
Aiming: Spit Poison (1% risk of failure)
Press: ? - help, Shift-Dir - straight line, f/p - ufetubus The splash of poison hits the ufetubus!
The ufetubus is poisoned.
You kill the ufetubus!
Okawaru accepts your kill.
The gnoll sergeant hits you from afar with a +0 spear.
The gnoll hits you but does no damage.
The gnoll hits you from afar with a +0 spear.
You shoot an arrow. The arrow completely misses the gnoll.
The gnoll sergeant hits you from afar with a +0 spear!
The gnoll hits you from afar with a +0 spear.
The gnoll hits you with a +0 flail of protection.
You shoot an arrow.
The arrow hits the gnoll but does no damage.
The gnoll sergeant completely misses you.
The gnoll barely misses you. x2
You shoot an arrow. The arrow barely misses the gnoll.
The gnoll sergeant closely misses you.
The gnoll hits you with a +0 flail of protection.
The gnoll hits you from afar with a +0 spear.
You shoot an arrow. The arrow barely misses the gnoll.
You have got your breath back.
The gnoll sergeant looks more healthy.
The gnoll sergeant hits you from afar with a +0 spear!
You die...

.....####.##
##..## #...
##..###########...
#.......<.......o.
.....##########og#
.##..# #go#
####.## #gg##
.##...# #g..# ###
......# #@.# #..
... #..##.# #..#
#.# ... ##....#
#..# #.# #.#
##...### #..# #.#
#.# .......#
#..#######.# #.#
....##.#
#........#.###.#
######.#
##.#####....#..###
#.# #.#
#.......... #.#
#.# ##...#.####


You could see a gnoll sergeant, an orc wizard, 4 gnolls and 2 orcs.

Vanquished Creatures
  Eustachio (D:4)
  An ice beast (D:5)
  2 black bears
  An ogre (D:5)
  A phantom (D:5)
  A bullfrog (D:6)
  A scorpion (D:5)
  A howler monkey (D:6)
  2 orc priests
  5 hounds
  2 jellies (D:4)
  A sleepcap (D:4)
  An iguana (D:5)
  2 adders
  2 white imps
  An ufetubus (D:6)
  2 worms (D:2)
  3 dart slugs
  9 orcs
  3 endoplasms
  6 giant cockroaches
  7 hobgoblins
  5 jackals (D:1)
  5 kobolds
  5 quokkas
  6 ball pythons
  13 bats
  5 frilled lizards
  9 goblins
  7 rats
  2 butterflies (D:5)
112 creatures vanquished.

Notes
Turn   | Place    | Note
-------+----------+-------------------------------------------
     0 | D:1      | qw the Naga Hunter began the quest for the Orb.
     0 | D:1      | Reached XP level 1. HP: 19/19 MP: 1/1
     0 | D:1      | 0 ||| qw: Version: 0.2-a-29-g511e9b1
     0 | D:1      | 0 ||| qw: Game counter: 5486
     0 | D:1      | 0 ||| qw: Always use a shield: true
     0 | D:1      | 0 ||| qw: God list: Okawaru
     0 | D:1      | 0 ||| qw: Allow faded altars: false
     0 | D:1      | 0 ||| qw: Do Orc after D:15 true
     0 | D:1      | 0 ||| qw: Do second Lair branch before Depths: true
     0 | D:1      | 0 ||| qw: Lair rune preference: random
     0 | D:1      | 0 ||| qw: Plans: Normal
     0 | D:1      | 0 ||| PLANNING D:1-11
    21 | D:1      | 21 ||| INVOKING Spit Poison.
    55 | D:1      | 55 ||| INVOKING Spit Poison.
    65 | D:1      | 65 ||| INVOKING Spit Poison.
    80 | D:1      | 80 ||| INVOKING Spit Poison.
   107 | D:1      | Reached skill level 4 in Ranged Weapons
   107 | D:1      | Reached XP level 2. HP: 26/26 MP: 2/2
   121 | D:1      | 121 ||| INVOKING Spit Poison.
   133 | D:1      | 133 ||| INVOKING Spit Poison.
   151 | D:1      | 151 ||| INVOKING Spit Poison.
   169 | D:1      | 169 ||| INVOKING Spit Poison.
   261 | D:1      | 261 ||| INVOKING Spit Poison.
   307 | D:1      | 307 ||| INVOKING Spit Poison.
   316 | D:1      | 316 ||| INVOKING Spit Poison.
   342 | D:1      | 342 ||| INVOKING Spit Poison.
   349 | D:1      | 349 ||| INVOKING Spit Poison.
   359 | D:1      | 359 ||| INVOKING Spit Poison.
   363 | D:1      | Reached XP level 3. HP: 30/32 MP: 3/3
   365 | D:1      | 365 ||| INVOKING Spit Poison.
   368 | D:1      | 368 ||| INVOKING Spit Poison.
   426 | D:1      | 426 ||| INVOKING Spit Poison.
   452 | D:1      | 452 ||| INVOKING Spit Poison.
   476 | D:1      | 476 ||| INVOKING Spit Poison.
   492 | D:1      | 492 ||| INVOKING Spit Poison.
   497 | D:1      | 497 ||| INVOKING Spit Poison.
   502 | D:1      | 502 ||| INVOKING Spit Poison.
   675 | D:1      | 675 ||| INVOKING Spit Poison.
   783 | D:1      | 783 ||| DROPPING +6 ring of intelligence.
   784 | D:1      | 784 ||| READING scroll labelled XEJOCI LEMPEY.
   784 | D:1      | Identified a scroll of acquirement
   784 | D:1      | 784 ||| ACQUIRING +0 barding "Josmesh" {rCorr}
   784 | D:1      | Acquired the +0 barding "Josmesh" {rCorr}
   786 | D:1      | 786 ||| UPGRADING to +0 barding "Josmesh" {rCorr}.
   791 | D:1      | 791 ||| READING 2 scrolls labelled DEKOUC FEAPLO.
   792 | D:1      | 792 ||| READING scroll labelled ZUBARIHUUTT.
   793 | D:1      | 793 ||| DROPPING scroll of butterflies.
   794 | D:1      | 794 ||| DROPPING scroll of immolation.
   813 | D:2      | 813 ||| INVOKING Spit Poison.
   816 | D:2      | 816 ||| STAIRDANCE
   818 | D:1      | 818 ||| INVOKING Spit Poison.
   834 | D:2      | 834 ||| INVOKING Spit Poison.
   837 | D:2      | 837 ||| INVOKING Spit Poison.
   844 | D:2      | 844 ||| INVOKING Spit Poison.
   850 | D:2      | 850 ||| INVOKING Spit Poison.
   859 | D:2      | 859 ||| INVOKING Spit Poison.
   862 | D:2      | 862 ||| INVOKING Spit Poison.
   887 | D:2      | 887 ||| INVOKING Spit Poison.
   893 | D:2      | 893 ||| INVOKING Spit Poison.
   894 | D:2      | Reached skill level 5 in Ranged Weapons
   894 | D:2      | Reached XP level 4. HP: 39/39 MP: 4/4
   994 | D:2      | 994 ||| INVOKING Spit Poison.
   997 | D:2      | 997 ||| INVOKING Spit Poison.
  1004 | D:2      | 1004 ||| INVOKING Spit Poison.
  1009 | D:2      | 1009 ||| INVOKING Spit Poison.
  1012 | D:2      | 1012 ||| INVOKING Spit Poison.
  1029 | D:2      | Identified the +0 dagger of Anguish {flame, rPois rCorr
                  | Int-4 SInv}
  1074 | D:2      | 1074 ||| INVOKING Spit Poison.
  1107 | D:2      | 1107 ||| INVOKING Spit Poison.
  1205 | D:2      | 1205 ||| INVOKING Spit Poison.
  1210 | D:2      | 1210 ||| INVOKING Spit Poison.
  1222 | D:2      | 1222 ||| INVOKING Spit Poison.
  1242 | D:2      | 1242 ||| READING scroll labelled SAURYECAXU.
  1243 | D:2      | 1243 ||| READING scroll labelled CARYTH VAUDYNK.
  1244 | D:2      | 1244 ||| READING scroll labelled FOLEET FYEMOGU.
  1249 | D:2      | 1249 ||| DRINKING 2 grey potions.
  1250 | D:2      | 1250 ||| DRINKING 2 blue potions.
  1251 | D:2      | 1251 ||| READING 2 scrolls of identify.
  1251 | D:2      | 1251 ||| IDENTIFYING fuming puce potion
  1337 | D:3      | 1337 ||| INVOKING Spit Poison.
  1520 | D:3      | 1520 ||| INVOKING Spit Poison.
  1525 | D:3      | 1525 ||| INVOKING Spit Poison.
  1531 | D:3      | 1531 ||| INVOKING Spit Poison.
  1550 | D:3      | 1550 ||| INVOKING Spit Poison.
  1581 | D:3      | 1581 ||| INVOKING Spit Poison.
  1614 | D:3      | Reached skill level 3 in Fighting
  1639 | D:3      | 1639 ||| INVOKING Spit Poison.
  1643 | D:3      | 1643 ||| INVOKING Spit Poison.
  1646 | D:3      | 1646 ||| INVOKING Spit Poison.
  1650 | D:3      | 1650 ||| INVOKING Spit Poison.
  1650 | D:3      | HP: 6/42 [orc priest/nerve-wracking pain (6)]
  1655 | D:3      | Reached skill level 1 in Armour
  1655 | D:3      | Reached XP level 5. HP: 5/49 MP: 5/5
  1885 | D:3      | 1885 ||| INVOKING Spit Poison.
  2106 | D:3      | 2106 ||| READING scroll labelled TEFERE XOHUAGU.
  2275 | D:4      | 2275 ||| INVOKING Spit Poison.
  2279 | D:4      | Noticed Eustachio
  2282 | D:4      | 2282 ||| INVOKING Spit Poison.
  2285 | D:4      | 2285 ||| INVOKING Spit Poison.
  2291 | D:4      | 2291 ||| INVOKING Spit Poison.
  2294 | D:4      | 2294 ||| INVOKING Spit Poison.
  2294 | D:4      | Killed Eustachio
  2295 | D:4      | Reached skill level 6 in Ranged Weapons
  2295 | D:4      | Reached XP level 6. HP: 28/56 MP: 6/6
  2422 | D:4      | Noticed a black bear
  2425 | D:4      | 2425 ||| INVOKING Spit Poison.
  2431 | D:4      | Killed a black bear
  2549 | D:4      | 2549 ||| INVOKING Spit Poison.
  2619 | D:4      | 2619 ||| INVOKING Spit Poison.
  2738 | D:4      | Found a burning altar of Makhleb.
  2789 | D:4      | 2789 ||| INVOKING Spit Poison.
  2793 | D:4      | 2793 ||| INVOKING Spit Poison.
  2822 | D:4      | 2822 ||| INVOKING Spit Poison.
  3026 | D:4      | Found a shimmering blue altar of Sif Muna.
  3026 | D:4      | Found an opulent altar of Gozag.
  3029 | D:4      | 3029 ||| READING scroll labelled RIBRESIMMA.
  3030 | D:4      | 3030 ||| READING 2 scrolls of identify.
  3030 | D:4      | 3030 ||| IDENTIFYING ruby potion
  3051 | D:4      | Reached XP level 7. HP: 64/64 MP: 7/7
  3052 | D:4      | 3052 ||| Stepping ~*~*~tactically~*~*~ (outnumbered).
  3053 | D:4      | 3053 ||| INVOKING Spit Poison.
  3057 | D:4      | 3057 ||| INVOKING Spit Poison.
  3060 | D:4      | 3060 ||| INVOKING Spit Poison.
  3065 | D:4      | 3065 ||| INVOKING Spit Poison.
  3229 | D:5      | Entered Level 5 of the Dungeon
  3263 | D:5      | 3263 ||| INVOKING Spit Poison.
  3332 | D:5      | 3332 ||| INVOKING Spit Poison.
  3338 | D:5      | 3338 ||| INVOKING Spit Poison.
  3431 | D:5      | 3431 ||| INVOKING Spit Poison.
  3435 | D:5      | 3435 ||| INVOKING Spit Poison.
  3441 | D:5      | Reached skill level 7 in Ranged Weapons
  3516 | D:5      | 3516 ||| INVOKING Spit Poison.
  3525 | D:5      | 3525 ||| INVOKING Spit Poison.
  3574 | D:5      | 3574 ||| INVOKING Spit Poison.
  3579 | D:5      | 3579 ||| INVOKING Spit Poison.
  3586 | D:5      | 3586 ||| INVOKING Spit Poison.
  3877 | D:5      | 3877 ||| INVOKING Spit Poison.
  3882 | D:5      | HP: 4/64 [ogre/+0 giant club (31)]
  3883 | D:5      | 3883 ||| READING scroll of teleportation.
  3884 | D:5      | 3884 ||| DRINKING potion of heal wounds.
  3885 | D:5      | 3885 ||| INVOKING Spit Poison.
  3886 | D:5      | Reached XP level 8. HP: 37/72 MP: 8/8
  3886 | D:5      | Found a staircase to the Ecumenical Temple.
  3887 | D:5      | 3887 ||| PLANNING TEMPLE
  3993 | D:5      | 3993 ||| UPGRADING to +0 helmet.
  3998 | D:5      | 3998 ||| UPGRADING to +0 pair of gloves.
  4003 | D:5      | 4003 ||| READING scroll labelled HOHEDA KANOADGH.
  4009 | Temple   | Entered the Ecumenical Temple
  4010 | Temple   | 4010 ||| PLANNING OKAWARU WORSHIP
  4049 | Temple   | Became a worshipper of Warmaster Okawaru
  4050 | Temple   | 4050 ||| PLANNING D:1-11
  4133 | D:5      | 4133 ||| INVOKING Spit Poison.
  4139 | D:5      | 4139 ||| INVOKING Spit Poison.
  4219 | D:5      | HP: 12/72 [ice beast (12)]
  4220 | D:5      | 4220 ||| DRINKING potion of heal wounds.
  4222 | D:5      | Reached skill level 8 in Ranged Weapons
  4400 | D:5      | 4400 ||| DROPPING ring of flight.
  4401 | D:5      | 4401 ||| READING scroll labelled GYTHROUXK ARRI.
  4443 | D:6      | Found a shadowy altar of Dithmenos.
  4463 | D:6      | 4463 ||| INVOKING Spit Poison.
  4476 | D:6      | 4476 ||| INVOKING Spit Poison.
  4480 | D:6      | 4480 ||| INVOKING Spit Poison.
  4581 | D:6      | 4581 ||| INVOKING Spit Poison.
  4584 | D:6      | 4584 ||| INVOKING Spit Poison.
  4598 | D:6      | 4598 ||| INVOKING Spit Poison.
  4605 | D:6      | 4605 ||| INVOKING Spit Poison.
  4613 | D:6      | 4613 ||| INVOKING Spit Poison.
  4622 | D:6      | 4622 ||| INVOKING Spit Poison.
  4626 | D:6      | 4626 ||| INVOKING Spit Poison.
  4642 | D:6      | Found Ylotz's Antique Armour Shoppe.
  4649 | D:6      | 4649 ||| BUYING glowing ring mail (161 gold).
  4649 | D:6      | Bought a glowing ring mail for 161 gold pieces
  4673 | D:6      | 4673 ||| INVOKING Spit Poison.
  4679 | D:6      | 4679 ||| INVOKING Spit Poison.
  4684 | D:6      | 4684 ||| INVOKING Spit Poison.
  4685 | D:6      | HP: 18/74 [gnoll/+0 flail of protection[a gnoll sergeant]
                  | (6)]
  4688 | D:6      | Slain by a gnoll sergeant

Levels and vault maps discovered:
D:1:      grunt_arrival_lava_bath, layout_loops_ring
D:2:      layout_basic, minmay_misc_feat_tower, kennysheep_nub,
          kennysheep_generic_room_2
D:3:      layout_loops_ring, chequers_big_river, kennysheep_orc_chapel
D:4:      layout_loops_corners, kennysheep_mini, jmf_multi_god_temple,
          uniq_eustachio
D:5:      layout_basic, minmay_temple_entry_butterflies, st_stairs_14
D:6:      layout_loops_ring, nicolae_dithmenos_shadow_blocks, serial_shops,
          shop, chequers_serial_rivers_room_b, nicolae_shop_vocational
Temple:   nicolae_temple_ecumenical_triangle

Skill      XL: |  1  2  3  4  5  6  7  8 |
---------------+-------------------------+-----
Ranged Weapons | 4 5 6 7 8 |  8.2
Fighting       | 3 4 5 |  5.1
Armour         | 1 |  1.3
Dodging        | 2 |  2.1
Stealth        | |  1.5

Action                     |  1- 3 |  4- 6 |  7- 9 || total
---------------------------+-------+-------+-------++-------
   Fire: Shortbow          |    65 |   108 |   147 ||   320
Ability: Spit Poison       |    33 |    32 |    31 ||    96
    Use: Scroll            |     3 |     7 |     3 ||    13
         Potion            |       |     2 |     2 ||     4
 Armour: Leather armour    |    23 |    58 |    88 ||   169
  Dodge: Dodged            |    19 |    22 |    61 ||   102

Table legend:
 A = Non-vault XP
 B = Vault XP
 C = Vault XP percentage of total XP
 D = Non-vault monster count
 E = Vault monster count
 F = Vault count percentage of total count
                 A         B        C        D         E       F
            +---------+---------+-------+---------+---------+-------
      Total |    1342 |     333 |  19.9 |     100 |      10 |   9.1
            +---------+---------+-------+---------+---------+-------
        D:1 |      62 |       0 |   0.0 |      32 |       0 |   0.0
        D:2 |      45 |      17 |  27.4 |      23 |       3 |  11.5
        D:3 |      22 |      47 |  68.1 |      11 |       3 |  21.4
        D:4 |     264 |     227 |  46.2 |      12 |       3 |  20.0
        D:5 |     704 |      42 |   5.6 |      13 |       1 |   7.1
        D:6 |     245 |       0 |   0.0 |       9 |       0 |   0.0
            +---------+---------+-------+---------+---------+-------
